 Dungeon Crawl Stone Soup version 0.27-a0-1200-g94dc6ad4cf (webtiles) character file.

Game seed: 2778833098496496400

2093 Glokmah the Covert (level 9, -1/68 HPs)
             Began as a Human Brigand on May 30, 2021.
             Was an Elder of Zin.
             Slain by a killer bee (3 damage)
             ... on level 7 of the Dungeon.
             The game lasted 00:18:29 (7434 turns).

Glokmah the Covert (Human Brigand)                  Turns: 7434, Time: 00:18:29

Health: -1/68      AC: 11    Str: 14    XL:     9   Next: 52%
Magic:  10/12      EV: 11    Int: 13    God:    Zin [****..]
Gold:   327        SH:  0    Dex: 17    Spells: 8/8 levels left

rFire    . . .     SeeInvis .   a - +6 short sword (venom)
rCold    . . .     Faith    .   (no shield)
rNeg     . . .     Spirit   .   i - +0 leather armour
rPois    ∞         Reflect  .   (no helmet)
rElec    .         Harm     .   m - +0 cloak
rCorr    .         Rampage  .   v - +2 pair of gloves
Will     .....                  (no boots)
Stlth    ++++......             (no amulet)
HPRegen  0.21/turn              w - +4 ring of protection
MPRegen  0.13/turn              (no ring)

@: vitalised, about to teleport, on recite cooldown
A: no striking features
a: Renounce Religion, Recite, Vitalisation, Imprison, Donate Gold


You were on level 7 of the Dungeon.
You worshipped Zin.
Zin was greatly pleased with you.
You visited 1 branch of the dungeon, and saw 7 of its levels.
You also visited: Sewer.

You collected 363 gold pieces.
You donated 36 gold pieces to Zin.

Inventory:

Hand Weapons
 a - a +6 short sword of venom (weapon)
 b - a +1 short sword of holy wrath
 c - a +3 short sword of freezing
 o - a +2 dagger
 z - a +1 vorpal hunting sling
Missiles
 d - 20 poisoned darts (quivered)
 e - 3 curare-tipped darts
 y - 8 javelins
Armour
 i - a +0 leather armour (worn)
 m - a +0 cloak (worn)
 v - a +2 pair of gloves (worn)
Jewellery
 h - an amulet of faith
 w - a +4 ring of protection (left hand)
Scrolls
 g - 3 scrolls of vulnerability
 p - 4 scrolls of magic mapping
 r - a scroll of fear
 u - a scroll of blinking
 x - a scroll of fog
 A - 2 scrolls of teleportation
Potions
 f - 2 potions of curing
 j - 3 potions of mutation
 k - 3 potions of might {unknown}
 l - 3 potions of magic
 n - a potion of flight {unknown}
 q - a potion of brilliance {unknown}
 s - a potion of ambrosia {unknown}
 t - a potion of lignification {unknown}
 B - 2 potions of haste {unknown}
 C - a potion of heal wounds {unknown}


   Skills:
 + Level 5.2 Fighting
 * Level 7.0 Short Blades
 - Level 3.0 Throwing
 - Level 1.0 Dodging
 * Level 8.4 Stealth
 + Level 4.9 Invocations


You had 8 spell levels left.
You didn't know any spells.
Your spell library contained the following spells:

 Spells                   Type           Power      Damage    Failure   Level
 Beastly Appendage        Tmut           0%         N/A       36%         1
 Sandblast                Erth           0%         2d4       36%         1
 Passwall                 Tmut/Erth      0%         N/A       52%         2
 Wereblood                Tmut           0%         N/A       52%         2
 Spider Form              Tmut/Pois      0%         N/A       75%         3
 Stone Arrow              Conj/Erth      0%         3d7       75%         3
 Ice Form                 Ice/Tmut       0%         N/A       98%         4
 Petrify                  Tmut/Erth      0%         N/A       98%         4
 Hydra Form               Tmut           0%         N/A       100%        5
 Lee's Rapid Deconstruct  Erth           0%         3d5*      100%        5


Dungeon Overview and Level Annotations

Branches:
Dungeon (7/15)             Temple (0/1) D:6           Sewer (visited)

Altars:
Hepliaklqana
Kikubaaqudgha
Makhleb
Qazlal
Sif Muna
Trog
Uskayaw
Vehumet
Zin

Shops:
D:5 *   D:6 (


Message History

You hit the centaur.
The centaur is poisoned.
The centaur is severely wounded.
The killer bee stings you but does no damage.
The killer bee stings you. The centaur hits you.
The centaur kicks you but does no damage.
The killer bee stings you but does no damage.
The killer bee stings you.
As you read the scroll of teleportation, it crumbles to dust.
You feel strangely unstable. The killer bee stings you.
* * * LOW HITPOINT WARNING * * *
The killer bee stings you but does no damage. x2
The iguana bites you but does no damage.
The centaur misses you.
The centaur kicks you but does no damage.
The killer bee stings you but does no damage.
The bullfrog hits you.
* * * LOW HITPOINT WARNING * * *
The killer bee completely misses you. The killer bee misses you.
You puncture the centaur!
You kill the centaur!
The killer bee completely misses you. The iguana barely misses you.
The killer bee closely misses you. The bullfrog barely misses you.
The killer bee stings you.
* * * LOW HITPOINT WARNING * * *
The killer bee stings you.
* * * LOW HITPOINT WARNING * * *
The killer bee stings you.
* * * LOW HITPOINT WARNING * * *
Your Short Blades skill increases to level 7!
You puncture the iguana!
You kill the iguana!
The killer bee misses you. The killer bee closely misses you.
The killer bee barely misses you. The bullfrog barely misses you.
The killer bee stings you but does no damage.
The killer bee stings you.
* * * LOW HITPOINT WARNING * * *
The killer bee barely misses you. The killer bee misses you.
The bullfrog barely misses you. The killer bee barely misses you.
The killer bee stings you.
You die...

#...#######.###.####
...........#
##......## +......+
#......# +......+
..######......#
........F.....#
........y@....#
.......yyyy...+
....(..).y....#
.#......o######
+.......# #.......#
+.$.....# #.......#
#.......#


You could see a bullfrog, 6 killer bees and an orc.

Vanquished Creatures
  Joseph (D:7)
  Duvessa (D:5)
  3 black bears
  3 ogres
  A centaur (D:7)
  A kobold brigand (D:7)
  2 bullfrogs
  A wyvern zombie (D:6)
  Dowan (D:5)
  A scorpion (D:4)
  A wyvern skeleton (D:6)
  A water moccasin skeleton (D:5)
  A howler monkey (D:6)
  A crimson imp (D:6)
  2 orc priests
  A jelly (D:6)
  A gnoll shaman (D:5)
  2 hounds
  An orc wizard (D:6)
  2 iguanas
  8 gnolls
  5 adders
  A shadow imp (D:6)
  An ufetubus (D:6)
  4 worms
  3 dart slugs
  14 orcs
  3 endoplasms
  2 giant cockroaches (D:2)
  5 goblins
  3 hobgoblins
  12 jackals
  19 kobolds
  7 quokkas
  11 ball pythons
  6 bats
  2 frilled lizards
  6 rats
140 creatures vanquished.

Vanquished Creatures (others)
  11 plants (Sewer)
11 creatures vanquished.

Grand Total: 151 creatures vanquished

Notes
Turn   | Place    | Note
-------+----------+-------------------------------------------
     0 | D:1      | Glokmah the Human Brigand began the quest for the Orb.
     0 | D:1      | Reached XP level 1. HP: 16/16 MP: 1/1
    80 | D:1      | Reached XP level 2. HP: 15/22 MP: 2/2
   620 | D:1      | Found a faded altar of an unknown god.
   628 | D:1      | Became a worshipper of Zin the Law-Giver
   628 | D:1      | Reached * piety under Zin
   750 | D:1      | Reached XP level 3. HP: 28/28 MP: 3/3
  1089 | D:1      | Reached ** piety under Zin
  1653 | D:2      | Reached XP level 4. HP: 33/34 MP: 4/4
  1692 | D:2      | Reached skill level 1 in Invocations
  2696 | D:3      | Reached XP level 5. HP: 40/40 MP: 5/5
  2729 | D:3      | Reached *** piety under Zin
  2791 | D:3      | Found a glowing drain.
  2800 | Sewer    | Entered a sewer
  4062 | D:4      | Found a hide-covered altar of Uskayaw.
  4173 | D:4      | Reached skill level 5 in Stealth
  4173 | D:4      | Reached XP level 6. HP: 33/47 MP: 7/7
  4459 | D:4      | Found a shimmering blue altar of Sif Muna.
  4550 | D:4      | Found an ancient bone altar of Kikubaaqudgha.
  4551 | D:4      | Found a stormy altar of Qazlal.
  4552 | D:4      | Found a bloodstained altar of Trog.
  4710 | D:5      | Entered Level 5 of the Dungeon
  4710 | D:5      | Noticed Duvessa
  4711 | D:5      | Killed Duvessa
  4712 | D:5      | Noticed Dowan
  4721 | D:5      | Killed Dowan
  4722 | D:5      | Reached XP level 7. HP: 23/52 MP: 8/8
  5070 | D:5      | Found Sist's Lightly-Used Armoury.
  5183 | D:5      | Reached skill level 6 in Stealth
  5187 | D:5      | Reached **** piety under Zin
  5268 | D:5      | Reached skill level 5 in Short Blades
  5268 | D:5      | Reached XP level 8. HP: 41/60 MP: 10/10
  5942 | D:6      | Reached skill level 7 in Stealth
  5942 | D:6      | Found a staircase to the Ecumenical Temple.
  6289 | D:6      | Found Petwyix's Weapon Emporium.
  6318 | D:6      | Reached XP level 9. HP: 52/66 MP: 12/12
  6514 | D:6      | Found a burning altar of Makhleb.
  6514 | D:6      | Found a radiant altar of Vehumet.
  6581 | D:6      | Found a hazy altar of Hepliaklqana.
  7150 | D:7      | Noticed Joseph
  7163 | D:7      | Killed Joseph
  7164 | D:7      | Reached skill level 5 in Fighting
  7164 | D:7      | Reached skill level 8 in Stealth
  7433 | D:7      | HP: 2/68 [killer bee (5)]
  7434 | D:7      | Slain by a killer bee

Illustrated notes

Levels and vault maps discovered:
D:1:      minmay_arrival_five_plusses, layout_loops_ring,
          shapermc_ecumenical_altar_mp_highgroup, kennysheep_decorative_pillar,
          minivault_24
D:2:      layout_basic, ebering_dispersal_statue_hall
D:3:      layout_rooms, cheibrodos_sewer_entry_bend
D:4:      layout_loops_cross, old_standard_altar, led_sif_pool,
          grunt_temple_overflow_open, hangedman_decor_push
D:5:      layout_basic, minivault_19, minmay_misc_feat_secret_circle,
          st_stairs_4, minmay_shop_damaged, uniq_duvessa
D:6:      layout_loops_cross, grunt_temple_overflow_lords_of_destruction,
          marbit_many_paths, minmay_temple_entry_arrows, serial_shops, shop,
          kennysheep_generic_room_15
D:7:      layout_basic, serial_shops, shop, uniq_joseph

Skill      XL: |  1  2  3  4  5  6  7  8  9 |
---------------+----------------------------+-----
Throwing       | 3 |  3.0
Invocations    | 1 2 3 4 |  4.9
Short Blades   | 3 4 5 6 7 |  7.0
Fighting       | 3 4 5 |  5.2
Stealth        | 5 6 7 8 |  8.4
Dodging        | |  1.0

Action                   |  1- 3 |  4- 6 |  7- 9 || total
-------------------------+-------+-------+-------++-------
Melee: Dagger            |    24 |       |       ||    24
       Short sword       |    58 |   175 |   205 ||   438
Throw: Dart              |       |       |     4 ||     4
Invok: Recite            |     1 |     5 |     7 ||    13
       Vitalisation      |       |     1 |     1 ||     2
  Use: Scroll            |       |     8 |     9 ||    17
 Stab: Sleeping          |    13 |     5 |     5 ||    23
       Invisible         |       |       |     2 ||     2
       Confused          |       |       |     2 ||     2
Armor: Robe              |    14 |       |       ||    14
       Leather armour    |     4 |    45 |    78 ||   127
Dodge: Dodged            |    33 |   105 |   112 ||   250

Table legend: (Time is in decaauts)
 A = Elapsed time spent in this place.
 B = Non-inter-level travel time spent in this place.
 C = Inter-level travel time spent in this place.
 D = Time resting spent in this place.
 E = Time spent auto-exploring this place.
 F = Levels seen in this place.
 G = Mean time per level.
                   A        B        C        D        E       F      G
               +--------+--------+--------+--------+--------+-----+--------+
         Total |   7550 |   6994 |    556 |    817 |   4467 |   8 |  943.8 |
       Dungeon |   6722 |   6166 |    556 |    817 |   3848 |   7 |  960.3 |
         Sewer |    827 |    827 |      0 |      0 |    618 |   1 |  827.0 |
               +--------+--------+--------+--------+--------+-----+--------+

Top non-repeatable levels by time:
     D:2: 1307 daAuts
     D:5: 1186 daAuts
     D:1: 1162 daAuts
     D:6: 1102 daAuts
     D:4: 1001 daAuts
   Sewer: 827 daAuts
     D:3: 652 daAuts
     D:7: 310 daAuts
